 Dungeon Crawl Stone Soup version 0.27-a0-67-g4bfc8a49e1 (webtiles) character file.

Game seed: 1551864373827380806

228 Borgoz the Ruffian (level 6, 0/51 HPs)
             Began as a Ghoul Gladiator on Jan 9, 2021.
             Slain by a sky beast (2 damage)
             ... while paralysed
             ... on level 3 of the Dungeon.
             The game lasted 00:02:50 (1999 turns).

Borgoz the Ruffian (Ghoul Gladiator)                Turns: 1999, Time: 00:02:51

Health: 0/51       AC:  4    Str: 17 (18) XL:     6   Next: 2%
Magic:  5/5        EV:  2    Int:  0 (3)  God:
Gold:   106        SH:  0    Dex: 10 (12) Spells: 5/5 levels left

rFire    . . .     SeeInvis .     - Unarmed
rCold    + . .     Faith    .   o - +0 buckler
rNeg     + + +     Spirit   .   a - +0 leather armour
rPois    ∞         Reflect  .   b - +0 helmet
rElec    .         Harm     .   n - scarf {repulsion}
rCorr    .         Rampage  .   (no gloves)
Will     .....                  (no boots)
Stlth    +.........             (no amulet)
HPRegen  0.00/turn              (no ring)
MPRegen  0.09/turn              (no ring)

@: paralysed, slowed, lost intelligence, repel missiles
A: claws 1, cold resistance 1, negative energy resistance 3, inhibited
regeneration, torment resistance, unbreathing
a: no special abilities


You were on level 3 of the Dungeon.
You visited 1 branch of the dungeon, and saw 3 of its levels.

You collected 106 gold pieces.

Inventory:

Missiles
 c - 3 throwing nets (quivered)
Armour
 a - a +0 leather armour (worn)
 b - a +0 helmet (worn)
 n - a scarf of repulsion (worn)
 o - a +0 buckler (worn)
Wands
 k - a wand of enslavement (11)
Scrolls
 d - a scroll of remove curse {unknown}
 e - a scroll of amnesia {unknown}
 f - 2 scrolls of identify {unknown}
 i - a scroll of random uselessness {unknown}
Potions
 g - a potion of attraction {unknown}
 h - a potion of heal wounds {unknown}
 j - a potion of brilliance {unknown}
 l - a potion of curing {unknown}
 m - a potion of haste {unknown}


   Skills:
 + Level 3.5 Fighting
 - Level 1.7 Throwing
 + Level 2.3 Armour
 * Level 4.0 Dodging
 + Level 0.1 Shields
 + Level 4.3 Unarmed Combat


You had 5 spell levels left.
You didn't know any spells.
Your spell library was empty.

Dungeon Overview and Level Annotations

Branches:
Dungeon (3/15)

Altars:
Cheibriados
Gozag
Ru
Trog
Wu Jian
The Shining One


Innate Abilities, Weirdness & Mutations

You thrive by killing the living.
You are immune to poison.
You have sharp fingernails.
Your flesh is cold resistant. (rC+)
You are immune to negative energy. (rN+++)
You do not regenerate when monsters are visible.
You are immune to unholy pain and torment.
You can survive without breathing.


Message History

You feel less confused. The sky beast hits you. The sky beast shocks you.
* * * LOW HITPOINT WARNING * * *
You scratch the sky beast.
The sky beast is severely wounded.
The sky beast hits you but does no damage.
You barely miss the sky beast.
The sky beast is severely wounded.
The sky beast hits you.
* * * LOW HITPOINT WARNING * * *
The sky beast shocks you.
* * * LOW HITPOINT WARNING * * *
It was a potion of degeneration.
There was something very wrong with that liquid.
You feel weakened.
You feel dopey.
You have lost your intelligence.
You feel clumsy.
The sky beast hits you but does no damage.
The sky beast barely misses you. The sky beast hits you.
You die...

#................##
#.........(.......#
###.........).......##
#.............###....#
#....########...###.+#
#....# #.....###..
#....# #.......#.
###### #.†...###.
#.Y@###.## #)###....#
#.......# #.......#
#......## #......#
#......# #........
##########


You could see a sky beast.

Vanquished Creatures
  Ijyb (D:3)
  Terence (D:3)
  Robin (D:3)
  6 adders
  6 oozes (D:1)
  A worm (D:1)
  4 dart slugs
  2 leopard geckos (D:1)
  8 bats
  6 giant cockroaches (D:1)
  10 goblins
  8 hobgoblins
  6 jackals
  A quokka (D:2)
  3 kobolds
  10 rats
74 creatures vanquished.

Notes
Turn   | Place    | Note
-------+----------+-------------------------------------------
     0 | D:1      | Borgoz the Ghoul Gladiator began the quest for the Orb.
     0 | D:1      | Reached XP level 1. HP: 17/17 MP: 0/0
     1 | D:1      | Found a runed translucent door.
   162 | D:1      | Reached XP level 2. HP: 22/25 MP: 1/1
   295 | D:1      | Reached skill level 1 in Armour
   507 | D:1      | Reached XP level 3. HP: 30/30 MP: 2/2
   852 | D:1      | Reached XP level 4. HP: 27/37 MP: 3/3
  1159 | D:2      | Found an opulent altar of Gozag.
  1179 | D:2      | Found a snail-covered altar of Cheibriados.
  1180 | D:2      | Found an opulent altar of Gozag.
  1200 | D:2      | Found a bloodstained altar of Trog.
  1200 | D:2      | Found an ornate altar of the Wu Jian Council.
  1200 | D:2      | Found a sacrificial altar of Ru.
  1276 | D:2      | Reached XP level 5. HP: 41/45 MP: 4/4
  1482 | D:3      | Noticed Ijyb
  1493 | D:3      | Killed Ijyb
  1554 | D:3      | Noticed Terence
  1565 | D:3      | Killed Terence
  1608 | D:3      | Noticed Robin
  1634 | D:3      | Killed Robin
  1781 | D:3      | Found a glowing golden altar of the Shining One.
  1870 | D:3      | Reached XP level 6. HP: 47/51 MP: 5/5
  1974 | D:3      | Noticed a sky beast
  1996 | D:3      | HP: 2/51 [sky beast (6)]
  1997 | D:3      | Lost intelligence.
  1999 | D:3      | Slain by a sky beast

Illustrated notes

Levels and vault maps discovered:
D:1:      dpeg_arrival_caged_fury, layout_basic, minmay_rat_gold_closets
D:2:      layout_basic, grunt_temple_overflow_open, grunt_gozag_statues
D:3:      layout_basic, nicolae_overflow_crystal_walls,
          nicolae_ashenzari_panopticon, uniq_terence, uniq_ijyb, uniq_robin

Skill      XL: |  1  2  3  4  5 |
---------------+----------------+-----
Armour         | 1 2 |  2.3
Dodging        | 3 4 |  4.0
Fighting       | 3 |  3.5
Unarmed Combat | 4 |  4.3
Throwing       | |  1.7
Shields        | |  0.1

Action                   |  1- 3 |  4- 6 || total
-------------------------+-------+-------++-------
Melee: Unarmed           |    98 |   162 ||   260
       Punch             |     3 |     1 ||     4
  Use: Potion            |       |     2 ||     2
Armor: Leather armour    |    27 |    50 ||    77
       Scale mail        |     5 |       ||     5
Dodge: Dodged            |    57 |   125 ||   182
Block: Buckler           |       |     2 ||     2

Table legend: (Time is in decaauts)
 A = Elapsed time spent in this place.
 B = Non-inter-level travel time spent in this place.
 C = Inter-level travel time spent in this place.
 D = Time resting spent in this place.
 E = Time spent auto-exploring this place.
 F = Levels seen in this place.
 G = Mean time per level.
                   A        B        C        D        E       F      G
               +--------+--------+--------+--------+--------+-----+--------+
         Total |   1981 |   1923 |     58 |    134 |   1338 |   3 |  660.3 |
       Dungeon |   1981 |   1923 |     58 |    134 |   1338 |   3 |  660.3 |
               +--------+--------+--------+--------+--------+-----+--------+

Top non-repeatable levels by time:
     D:1: 887 daAuts
     D:3: 577 daAuts
     D:2: 516 daAuts
